 Dungeon Crawl Stone Soup version 0.22-a0-69-g116c2a8 (webtiles) character file.

63839 Amnesiac the Stormcaller (level 15, -13/88 HPs)
             Began as a Tengu Air Elementalist on Jan 11, 2018.
             Was a High Priest of Sif Muna.
             Shot with a bolt by Saint Roka (41 damage)
             ... on level 2 of the Orcish Mines.
             The game lasted 01:11:24 (30860 turns).

Amnesiac the Stormcaller (Tengu Air Elementalist)  Turns: 30860, Time: 01:11:25

Health: -13/88     AC: 12    Str: 10    XL:     15   Next: 11%
Magic:  0/36       EV: 31    Int: 21    God:    Sif Muna [*****.]
Gold:   2340       SH:  0    Dex: 21    Spells: 12/46 levels left

rFire    + . .     SeeInvis .   a - staff of air
rCold    . . .     Gourm    .   (no shield)
rNeg     . . .     Faith    .   t - +1 robe {MR+}
rPois    .         Spirit   .   (helmet restricted)
rElec    +         Reflect  .   U - +2 cloak {MR+}
rCorr    .         Harm     .   B - +0 pair of gloves
MR       +++..                  (boots unavailable)
Stlth    +++.......             C - amulet of regeneration
HPRegen  0.64/turn              v - +2 ring of evasion
MPRegen  0.25/turn              n - +3 ring of protection

@: agile, flying quickly and evasively, no casting, quick
A: beak, horns 1, talons 3, iridescent scales 1, fire resistance 1, strong 1,
able to fly 2
a: Stop Flying, Stop Divine Energy, Channel Magic, Forget Spell, Renounce
Religion


You were on level 2 of the Orcish Mines.
You worshipped Sif Muna.
Sif Muna was extremely pleased with you.
You were very hungry.

You visited 3 branches of the dungeon, and saw 18 of its levels.
You also visited: Labyrinth.

You collected 2592 gold pieces.
You spent 252 gold pieces at shops.

Inventory:

Hand Weapons
 b - the +10 dagger of Zakent {venom, +Fly rPois SInv}
   (You took it off a minotaur in a labyrinth)

   It poisons the flesh of those it strikes.
   It protects you from poison.
   It lets you see invisible.
   It lets you fly.
 w - a +1 blowgun
Missiles
 V - 9 curare-tipped needles
Armour
 e - the +4 robe of Luudd {rF+, unknown}
   (You found it on level 1 of the Orcish Mines)

   It protects you from fire.
 t - a +1 robe of magic resistance (worn)
 B - a +0 pair of gloves (worn)
 G - a +1 robe of cold resistance
 U - a +2 cloak of magic resistance (worn)
Magical Staves
 a - an uncursed staff of air (weapon)
Jewellery
 j - an uncursed ring of protection from fire
 k - an uncursed ring of protection from magic
 n - a +3 ring of protection (right hand)
 v - a +2 ring of evasion (left hand)
 C - an amulet of regeneration (around neck)
 F - an uncursed ring of ice
Wands
 x - a wand of paralysis (23)
 y - a wand of acid (19)
 A - a wand of iceblast (14)
 N - a wand of digging (33)
Scrolls
 d - a scroll of vulnerability {!r}
 g - 2 scrolls of blinking {!r}
 l - 5 scrolls of teleportation {!r}
 m - 7 scrolls of remove curse {!r}
 o - 2 scrolls of enchant armour {!r}
 u - a scroll of holy word {!r}
 D - a scroll of identify {!r}
 K - a scroll of amnesia {!r}
 W - 2 scrolls of fog {!r}
Potions
 f - a potion of berserk rage {!q, unknown}
 h - 4 potions of haste {!q}
 i - a potion of heal wounds {!q}
 q - 4 potions of curing {!q}
 r - 2 potions of mutation {!q}
 s - 3 potions of flight {!q}
 J - a potion of brilliance {!q}
 O - 2 potions of resistance {!q}
 R - a potion of might {!q}
 T - 2 potions of ambrosia {!q}
Books
 E - the Guide on the Unstable Rocks
   (You found it on level 1 of the Orcish Mines)

   Spells                             Type                      Level
   a - Beastly Appendage              Transmutation                1
   b - Lee's Rapid Deconstruction     Earth                        5
   c - Yara's Violent Unravelling     Hexes/Transmutation          5
   d - Statue Form                    Transmutation/Earth          6
Comestibles
 c - 7 rations
 p - 3 chunks of flesh


   Skills:
 - Level 8.0 Fighting
 - Level 4.0 Staves
 - Level 8.0 Dodging
 - Level 2.0 Stealth
 - Level 16.0 Spellcasting
 - Level 3.0 Conjurations
 - Level 16.0 Air Magic
 + Level 5.7 Invocations
 + Level 6.3 Evocations


You had 12 spell levels left.
You knew the following spells:

 Your Spells              Type           Power        Failure   Level  Hunger
a - Airstrike             Air            #######...   1%          4    None
b - Passwall              Tmut/Erth      ###.......   5%          2    None
c - Static Discharge      Conj/Air       ######..     1%          3    None
d - Lightning Bolt        Conj/Air       ######....   1%          5    ###....
e - Mephitic Cloud        Conj/Pois/Air  ######..     1%          3    None
f - Ozocubu's Armour      Chrm/Ice       ###.....     11%         3    None
g - Summon Lightning Spi  Summ/Air       ######..     1%          4    None
i - Passage of Golubria   Tloc           N/A          34%         4    None
s - Conjure Ball Lightni  Conj/Air       ######....   11%         6    #####..


Dungeon Overview and Level Annotations

Branches:
Dungeon (15/15)            Temple (1/1) D:6            Lair (0/6) D:10
    Orc (2/2) D:10            Elf (0/3) Orc:2        Vaults (0/5) D:13
 Depths (0/5) D:15

Altars:
Ashenzari
Cheibriados
Dithmenos
Elyvilon
Fedhas
Gozag
Hepliaklqana
Kikubaaqudgha
Makhleb
Nemelex Xobeh
Okawaru
Qazlal
Ru
Sif Muna
Trog
Uskayaw
Vehumet
Wu Jian
Xom
Yredelemnul
Zin
The Shining One

Shops:
D:6 !   D:12 **   D:14 *

Annotations:
D:8 Joseph
Orc:2 Saint Roka


Innate Abilities, Weirdness & Mutations

You have a beak for a mouth.
You have claws for feet.
You can fly continuously.
You have a pair of small horns on your head.
You are partially covered in iridescent scales. (AC +2)
Your flesh is heat resistant. (rF+)
Your muscles are strong. (Str +2)


Message History

Okay, then.
Casting: Airstrike
Confirm with . or Enter, or press ? or * to list all spells.
You feel a surge of power!
You create some ball lightning!
Sif Muna grants you divine energy.
You briefly lose access to your magic!
Saint Roka mumbles some strange prayers to Beogh against you.
Beogh smites you!
* * * LOW HITPOINT WARNING * * *
An orc wizard comes into view. It is wielding a dagger.
What are your orders? t - Shout!
Orders for allies: a - Attack new target. r - Retreat! s - Stop attacking. g - Guard the area. f - Follow me.
Anything else - Cancel.
Gang up on whom?
Press: ? - help, Dir - move target cursor, f - Saint Roka
Aim: Saint Roka, wielding an arbalest and wearing a chain mail (heavily wounded) Attack!
Your ball lightning explodes! x2
The blast of lightning engulfs your ball lightning.
Your ball lightning completely resists.
The blast of lightning engulfs Saint Roka.
Saint Roka is severely wounded.
Saint Roka calls down the wrath of Beogh upon you.
Beogh smites you!
* * * LOW HITPOINT WARNING * * *
Really quaff
q - 6 potions of curing {!q}?
You feel better.
You regain access to your magic.
Your ball lightning explodes!
The blast of lightning engulfs your ball lightning.
Your ball lightning completely resists.
The blast of lightning engulfs Saint Roka.
Saint Roka is almost dead.
Your ball lightning explodes!
The blast of lightning engulfs your ball lightning.
Your ball lightning completely resists.
The blast of lightning engulfs Saint Roka.
Saint Roka is almost dead.
The blast of lightning engulfs the orc wizard.
You kill the orc wizard!
Sif Muna accepts your kill.
Really quaff
q - 5 potions of curing {!q}?
You feel better.
Your ball lightning explodes!
The blast of lightning engulfs Saint Roka.
Saint Roka is almost dead.
Saint Roka calls down the wrath of Beogh upon you.
Beogh smites you!
* * * LOW HITPOINT WARNING * * *
Casting: Conjure Ball Lightning
Confirm with . or Enter, or press ? or * to list all spells.
Aiming: Airstrike
Press: ? - help, Dir - move target cursor, f/p - Saint Roka
Aim: Saint Roka, wielding an arbalest and wearing a chain mail (almost dead)
You feel a surge of power!
The air twists around and strikes Saint Roka!
Saint Roka is almost dead.
Sif Muna grants you divine energy.
You briefly lose access to your magic!
Saint Roka shoots a bolt.
The bolt hits you!!!
You die...

.........
...........)o...#
#. ........
...............)).#
.......
.............))...#
.......
..........)......#
......
......#.)o.)...#
######
#........)...##
#......(.....# ...
##.....####..## ...
#.@.(## #...# ...
#...(.#####.## ..#
#.(.(..#.#.## .#
...#...........#
#..#...........##
#...............#
#........#.##..##
#.......#.##...#
#..#.......#...#


You could see Saint Roka.

Vanquished Creatures
  A frost giant (D:13)
  2 orc warlords (Orc:1)
  The ghost of KristoblXynda the Carver, a journeyman DrGl of Gozag (D:15)
  An ettin (D:15)
  A minotaur (Lab)
  Josephine (Orc:2)
  2 ogre magi (D:15)
  3 centaur warriors
  18 two-headed ogres
  4 orc high priests (Orc:2)
  A tengu warrior (D:15)
  Sonja (D:10)
  3 skeletal warriors (D:15)
  The ghost of junb69 the Basher, a novice DsGl of Ashenzari (D:7)
  A hell knight (D:15)
  A wizard (D:13)
  A necromancer (D:13)
  2 orc knights (Orc:1)
  4 ugly things (D:15)
  7 orc sorcerers
  5 cyclopes
  2 deep elf magi
  2 manticores
  Psyche (D:10)
  Maurice (D:10)
  2 gargoyles
  A centaur skeleton (D:14)
  A yaktaur (shapeshifter) (D:15)
  A jumping spider (shapeshifter) (D:14)
  8 trolls
  5 slime creatures
  4 hippogriffs
  2 shadows
  A vampire (D:13)
  6 wraiths
  A wyvern (D:10)
  10 yaks
  A basilisk (D:12)
  7 hungry ghosts
  Grum (D:9)
  A steam dragon (D:11)
  6 vampire mosquitoes
  2 acid dragons
  2 insubstantial wisps (D:11)
  A soldier ant (D:13)
  6 wargs
  A water moccasin (D:11)
  41 orc warriors
  A hornet zombie (D:10)
  5 ice beasts
  An eye of draining (D:11)
  6 sky beasts
  4 phantoms
  14 centaurs
  16 ogres
  3 wolves
  2 big kobolds
  Blork the orc (D:7)
  2 gnoll sergeants
  13 bullfrogs
  A wyvern zombie (D:12)
  4 earth elementals (D:9)
  A hornet simulacrum (D:14)
  A wyvern skeleton (D:14)
  7 scorpions
  18 wights
  3 howler monkeys
  8 crimson imps
  A quasit (D:5)
  5 centaur zombies
  4 hounds
  A bullfrog zombie (D:12)
  3 jellies
  Crazy Yiuf (D:6)
  2 bullfrog skeletons
  29 orc wizards
  29 orc priests
  5 iguanas
  Jessica (D:3)
  11 worker ants
  Natasha (thrice) (D:3)
  A hound zombie (D:8)
  A hound skeleton (D:4)
  4 worker ant zombies
  19 adders
  23 gnolls
  5 shadow imps
  An ooze (D:3)
  An adder zombie (D:9)
  2 adder skeletons
  4 worms
  3 dart slugs
  5 leopard geckos
  99 orcs
  A ball python (D:1)
  2 bats
  5 giant cockroaches
  12 goblins
  2 hobgoblins
  12 jackals
  5 quokkas
  7 frilled lizards
  12 kobolds
  A leopard gecko skeleton (D:7)
  A quokka skeleton (D:4)
  7 rats
619 creatures vanquished.

Vanquished Creatures (others)
  80 ball lightnings
  A hound (D:14)
  An orc priest (Orc:1)
  15 fungi (D:7)
  5 plants
102 creatures vanquished.

Grand Total: 721 creatures vanquished

Notes
Turn   | Place    | Note
-------+----------+-------------------------------------------
     0 | D:1      | Amnesiac the Tengu Air Elementalist began the quest for the Orb.
     0 | D:1      | Reached XP level 1. HP: 10/10 MP: 4/4
    67 | D:1      | Reached skill level 1 in Fighting
   139 | D:1      | Reached XP level 2. HP: 16/16 MP: 1/6
   753 | D:2      | Reached XP level 3. HP: 20/21 MP: 3/7
  1307 | D:2      | Reached XP level 4. HP: 9/27 MP: 0/8
  1843 | D:3      | Gained mutation: You can fly. [Tengu growth]
  1843 | D:3      | Reached XP level 5. HP: 32/32 MP: 3/9
  1949 | D:3      | Noticed Jessica
  1960 | D:3      | Killed Jessica
  2223 | D:3      | Learned a level 3 spell: Static Discharge
  2259 | D:3      | Found a faded altar of an unknown god.
  2600 | D:3      | Noticed Natasha
  2611 | D:3      | Killed Natasha
  2845 | D:3      | Noticed Natasha
  2860 | D:3      | Killed Natasha
  2860 | D:3      | Reached XP level 6. HP: 28/38 MP: 4/11
  2935 | D:3      | Learned a level 4 spell: Airstrike
  3349 | D:4      | Found a stormy altar of Qazlal.
  3421 | D:4      | Found a glowing golden altar of the Shining One.
  4608 | D:3      | Noticed Natasha
  4618 | D:3      | Killed Natasha
  4618 | D:3      | Reached skill level 5 in Dodging
  5040 | D:3      | Reached XP level 7. HP: 17/44 MP: 0/12
  5790 | D:5      | Entered Level 5 of the Dungeon
  5856 | D:5      | Reached skill level 5 in Fighting
  6478 | D:5      | Found a burning altar of Makhleb.
  6827 | D:6      | Reached XP level 8. HP: 47/51 MP: 11/14
  6954 | D:6      | Found a hazy altar of Hepliaklqana.
  7184 | D:6      | Found a staircase to the Ecumenical Temple.
  7218 | Temple   | Entered the Ecumenical Temple
  7379 | D:6      | Found Unaowao's Distillery.
  7428 | D:6      | Found a shimmering altar of Xom.
  8407 | D:6      | Learned a level 2 spell: Passwall
  8411 | D:6      | Reached skill level 5 in Spellcasting
  8411 | D:6      | Reached skill level 5 in Air Magic
  8411 | D:6      | Reached XP level 9. HP: 55/56 MP: 0/17
  8969 | D:6      | Found a runed door.
  8973 | D:6      | Noticed Crazy Yiuf
  8976 | D:6      | Killed Crazy Yiuf
  9020 | D:7      | Noticed junb69's ghost (novice DsGl)
  9252 | D:7      | Found a deep blue altar of Sif Muna.
  9252 | D:7      | Noticed Blork the orc
  9257 | D:7      | Became a worshipper of Sif Muna the Loreminder
  9263 | D:7      | Killed Blork the orc
  9921 | D:7      | Found an iron altar of Okawaru.
  9922 | D:7      | Found a shadowy altar of Dithmenos.
  9922 | D:7      | Found a shattered altar of Ashenzari.
  9923 | D:7      | Found an opulent altar of Gozag.
  9925 | D:7      | Found a sacrificial altar of Ru.
 10178 | D:7      | Killed junb69's ghost
 10178 | D:7      | Reached * piety under Sif Muna
 10207 | D:7      | Found a blossoming altar of Fedhas.
 10397 | D:8      | Noticed a two-headed ogre
 10405 | D:8      | Killed a two-headed ogre
 10405 | D:8      | Reached XP level 10. HP: 64/64 MP: 0/22
 10781 | D:8      | Found a radiant altar of Vehumet.
 10994 | D:8      | Reached ** piety under Sif Muna
 11076 | D:8      | Got a fine whip {slash}
 11153 | D:8      | Identified the cursed +1 whip "Buproqun" {slash, SInv} (You took it off a gnoll on level 8 of the Dungeon)
 11165 | D:8      | Identified a scroll of acquirement {!r}
 11353 | D:8      | Noticed Joseph
 11471 | D:8      | Learned a level 5 spell: Lightning Bolt
 11475 | D:8      | Learned a level 3 spell: Ozocubu's Armour
 11968 | D:6      | Bought a potion of agility for 52 gold pieces
 11968 | D:6      | Bought a potion of lignification for 39 gold pieces
 13185 | D:9      | Found a white marble altar of Elyvilon.
 13221 | D:9      | Reached *** piety under Sif Muna
 13324 | D:9      | Found a sparkling altar of Nemelex Xobeh.
 13636 | D:8      | Found a radiant altar of Vehumet.
 14389 | D:10     | Entered Level 10 of the Dungeon
 14389 | D:10     | Noticed Grum
 14643 | D:10     | Noticed Psyche
 14646 | D:10     | Killed Psyche
 14646 | D:10     | Reached XP level 11. HP: 68/68 MP: 2/25
 14727 | D:10     | Noticed a two-headed ogre
 14733 | D:10     | Killed a two-headed ogre
 14733 | D:10     | Reached skill level 10 in Spellcasting
 14733 | D:10     | Reached skill level 10 in Air Magic
 15271 | D:10     | Found a staircase to the Lair.
 15392 | D:10     | Reached **** piety under Sif Muna
 15393 | D:10     | Noticed a two-headed ogre
 15398 | D:10     | Killed a two-headed ogre
 15691 | D:10     | Noticed Maurice
 15696 | D:10     | Killed Maurice
 15915 | D:10     | Found a staircase to the Orcish Mines.
 15945 | D:10     | Noticed Sonja
 15951 | D:10     | Killed Sonja
 16479 | D:9      | Killed Grum
 16801 | D:10     | Gained mutation: Your flesh is heat resistant. (rF+) [potion of mutation]
 16801 | D:10     | Gained mutation: You have a pair of small horns on your head. [potion of mutation]
 16801 | D:10     | Gained mutation: Your muscles are strong. (Str +2) [potion of mutation]
 16801 | D:10     | Gained mutation: You are partially covered in iridescent scales. (AC +2) [potion of mutation]
 16883 | D:11     | Noticed a two-headed ogre
 16921 | D:11     | Killed a two-headed ogre
 17003 | D:11     | Found a labyrinth entrance.
 17041 | Lab      | Entered a labyrinth
 17285 | Lab      | Noticed a minotaur
 17537 | Lab      | Killed a minotaur
 17537 | Lab      | Reached ***** piety under Sif Muna
 17537 | Lab      | Identified a paperback manual (Sif Muna gifted it to you in a labyrinth)
 17537 | Lab      | Received a gift from Sif Muna
 17537 | Lab      | Reached XP level 12. HP: 11/73 MP: 14/28
 17546 | Lab      | Got a shimmering dagger {venom}
 17589 | Lab      | Identified the Reference Book on the Compass
 17595 | Lab      | Learned a level 3 spell: Mephitic Cloud
 17604 | D:11     | Identified the +10 dagger of Zakent {venom, +Fly rPois SInv} (You took it off a minotaur in a labyrinth)
 18495 | D:11     | Noticed a two-headed ogre
 18528 | D:11     | Killed a two-headed ogre
 18841 | D:12     | Found Sogiapad's General Store.
 18905 | D:12     | Noticed a two-headed ogre
 19035 | D:12     | Noticed a two-headed ogre
 19039 | D:12     | Killed a two-headed ogre
 20223 | D:12     | Killed a two-headed ogre
 20642 | D:12     | Found Sithryan's Assorted Antiques.
 20648 | D:12     | Bought a scroll labeled WIEH BIFUHY for 23 gold pieces
 20648 | D:12     | Bought a scroll labeled UHOBISCHUTA for 23 gold pieces
 20648 | D:12     | Bought a gilded ring for 115 gold pieces
 20953 | D:13     | Identified Sif Muna's Collected Works on Ashen Transmutation (Sif Muna gifted it to you on level 13 of the Dungeon)
 20953 | D:13     | Received a gift from Sif Muna
 21384 | D:13     | Reached XP level 13. HP: 78/78 MP: 14/31
 21843 | D:13     | Found a gate to the Vaults.
 22209 | D:13     | Noticed a fire giant
 22238 | D:13     | Noticed a frost giant
 22641 | D:13     | Identified the Incunabulum of Spatial Creation
 23012 | D:13     | Killed a frost giant
 23566 | D:14     | Identified Sif Muna's Reference Book on Supportive Conjuration (Sif Muna gifted it to you on level 14 of the Dungeon)
 23566 | D:14     | Received a gift from Sif Muna
 23722 | D:14     | Learned a level 4 spell: Summon Lightning Spire
 23731 | D:14     | Learned a level 8 spell: Chain Lightning
 24522 | D:14     | Found Cetaf's General Store.
 24527 | D:14     | Got a pitted leather armour
 24540 | D:14     | Identified the +2 leather armour of Majy {rC- MR- rCorr Str+9} (You found it on level 14 of the Dungeon)
 24620 | D:14     | Reached skill level 15 in Air Magic
 24810 | D:15     | Entered Level 15 of the Dungeon
 24839 | D:14     | Reached skill level 15 in Spellcasting
 25285 | D:15     | Noticed KristoblXynda's ghost (journeyman DrGl)
 25294 | D:15     | Noticed an ettin
 25410 | D:15     | Killed KristoblXynda's ghost
 25410 | D:15     | Gained mutation: You can fly continuously. [Tengu growth]
 25410 | D:15     | Reached XP level 14. HP: 70/84 MP: 0/34
 25699 | D:15     | Found a staircase to the Depths.
 26082 | D:15     | Found an opulent altar of Gozag.
 26090 | D:15     | Identified Sif Muna's Volume of Feathers (Sif Muna gifted it to you on level 15 of the Dungeon)
 26090 | D:15     | Received a gift from Sif Muna
 26391 | D:15     | Reached skill level 1 in Evocations
 26392 | D:15     | Reached skill level 1 in Invocations
 27026 | D:11     | Learned a level 4 spell: Passage of Golubria
 27034 | D:11     | Learned a level 6 spell: Conjure Ball Lightning
 27075 | Orc:1    | Entered Level 1 of the Orcish Mines
 27985 | Orc:1    | Reached skill level 1 in Staves
 28150 | Orc:1    | Got a faintly humming robe
 28151 | Orc:1    | Identified the Guide on the Unstable Rocks
 28155 | Orc:1    | Got a wavering amber ring
 28175 | Orc:1    | Identified the ring "Eteecs" {*Tele MR++ Str+2 Int+3} (You found it on level 1 of the Orcish Mines)
 28221 | Orc:1    | Noticed an orc warlord
 28779 | Orc:1    | Killed an orc warlord
 28990 | Orc:1    | Noticed an orc warlord
 29010 | Orc:1    | Killed an orc warlord
 29252 | Orc:2    | Entered Level 2 of the Orcish Mines
 29747 | Orc:2    | Reached skill level 5 in Evocations
 29835 | Orc:2    | Noticed Josephine
 29971 | Orc:2    | Found a staircase to the Elven Halls.
 29982 | Orc:2    | Reached skill level 5 in Invocations
 30032 | Orc:2    | Killed Josephine
 30032 | Orc:2    | Reached XP level 15. HP: 46/88 MP: 1/36
 30098 | Orc:2    | Noticed Saint Roka
 30860 | Orc:2    | Shot with a bolt by Saint Roka

Vault maps used:
D:1:      shiori_arrival_elements
D:2:      kennysheep_another_room
D:3:      first_ration, chequers_ecumenical_altar_simple, uniq_jessica,
          uniq_natasha
D:4:      kennysheep_little_box, overflow_temple_1_default
D:5:      lightli_temple_of_fire, grunt_ministairs_1
D:6:      old_standard_altar, lemuel_doored_altar, temple_doors_e, serial_shops,
          nicolae_shop_temple_entry_statues_fountains, kennysheep_dice,
          uniq_crazy_yiuf_cottage
D:7:      tgw_sif, minitemple, fedhas_altar_3
D:8:      overflow_temple_1_default, grunt_pizzeria, uniq_joseph
D:9:      nicolae_overflow_crystal_walls, nemelex_diamond_rough_becter
D:10:     minmay_stone_box, lair_entry_dummy, orc_0_dummy, uniq_maurice,
          uniq_psyche, uniq_grum, uniq_sonja
D:11:     lab_entry_generic, hangedman_misty_isle
D:12:     serial_shops, nicolae_shop_overgrown_old_shop, nicolae_shop_trees
D:13:     minmay_the_grid_four_pointed_star, david_vaults_1
D:14:     serial_shops, shop, lemuel_flamethrower_3
D:15:     hangedman_depths_entry_civil_slaughter, basic_altar, grunt_decor_cap
Temple:   nicolae_temple_figure_zero
Orc:1:    serial_shops, minmay_orc_treasury
Orc:2:    st_orc_mages, uniq_saint_roka, uniq_josephine
Lab:      nicolae_lab_dead_adventurers, nicolae_lab_starburst,
          nicolae_lab_blocks, nicolae_lab_grate, lab_statue

Skill      XL: |  1  2  3  4  5  6  7  8  9 10 11 12 13 14 15 |
---------------+----------------------------------------------+-----
Fighting       | 1 2 3 4 5 6 8 |  8.0
Dodging        | 3 4 5 6 7 8 |  8.0
Spellcasting   | 3 5 7 9 11 13 15 16 | 16.0
Air Magic      | 5 7 9 11 13 15 16 | 16.0
Conjurations   | 2 3 |  3.0
Evocations     | 5 6 |  6.3
Invocations    | 5 |  5.7
Staves         | 4 |  4.0
Stealth        | |  2.0

Action                   |  1- 3 |  4- 6 |  7- 9 | 10-12 | 13-15 || total
-------------------------+-------+-------+-------+-------+-------++-------
Melee: Unarmed           |       |     6 |     1 |       |       ||     7
       Dagger            |       |    36 |    20 |    67 |       ||   123
       Kick              |       |    12 |     4 |    40 |    28 ||    84
       Peck              |       |    10 |     1 |    24 |    15 ||    50
       Staff             |       |       |       |    57 |    84 ||   141
       Headbutt          |       |       |       |     8 |    16 ||    24
 Fire: Shortbow          |       |       |   123 |       |       ||   123
       Hunting sling     |       |       |   121 |    37 |       ||   158
       Blowgun           |       |       |       |    17 |       ||    17
Throw: Stone             |     5 |       |     2 |       |       ||     7
       Javelin           |       |       |    18 |       |       ||    18
 Cast: Shock             |    71 |   115 |       |       |       ||   186
       Static Discharge  |       |    16 |    22 |     9 |     4 ||    51
       Airstrike         |       |     9 |    84 |   483 |   348 ||   924
       Passwall          |       |       |     1 |     5 |       ||     6
       Lightning Bolt    |       |       |       |     3 |    38 ||    41
       Mephitic Cloud    |       |       |       |     3 |    19 ||    22
       Conjure Ball Ligh |       |       |       |       |    40 ||    40
Invok: Divine Energy     |       |       |     1 |       |       ||     1
 Abil: Fly               |       |       |     2 |     7 |     4 ||    13
Evoke: Wand              |       |       |       |       |     1 ||     1
  Use: Scroll            |       |    10 |       |    16 |     4 ||    30
       Potion            |       |       |     1 |     2 |    10 ||    13
 Stab: Confused          |       |       |       |     1 |     2 ||     3
  Eat: Chunk             |     2 |    13 |    29 |    40 |    31 ||   115
       Ration            |       |     1 |     2 |     5 |     3 ||    11
Armor: Robe              |    10 |    29 |    51 |    50 |    23 ||   163
       Skin              |       |       |       |     8 |     7 ||    15
Dodge: Dodged            |    36 |    74 |   224 |   206 |   225 ||   765

Table legend:
 A = Spawn XP
 B = Non-spawn XP
 C = Spawn XP percentage of total XP
 D = Spawn monster count
 E = Non-spawn monster count
 F = Spawn count percentage of total count
 G = Total turns spent on level
                    A         B        C        D         E        F      G
               +---------+---------+-------+---------+---------+-------+---------
         Total |       0 |   91199 |   0.0 |       0 |     619 |   0.0 | 30860
               +---------+---------+-------+---------+---------+-------+---------
           D:1 |       0 |      32 |   0.0 |       0 |      22 |   0.0 |   791
           D:2 |       0 |     112 |   0.0 |       0 |      17 |   0.0 |  1276
           D:3 |       0 |     326 |   0.0 |       0 |      27 |   0.0 |  1953
           D:4 |       0 |     285 |   0.0 |       0 |      26 |   0.0 |  2037
           D:5 |       0 |     440 |   0.0 |       0 |      11 |   0.0 |   936
           D:6 |       0 |    1523 |   0.0 |       0 |      32 |   0.0 |  2126
           D:7 |       0 |    1527 |   0.0 |       0 |      22 |   0.0 |  1291
           D:8 |       0 |    2341 |   0.0 |       0 |      44 |   0.0 |  2364
           D:9 |       0 |    2422 |   0.0 |       0 |      52 |   0.0 |  2280
          D:10 |       0 |    6810 |   0.0 |       0 |      38 |   0.0 |  1635
          D:11 |       0 |    5860 |   0.0 |       0 |      29 |   0.0 |  1707
          D:12 |       0 |    6217 |   0.0 |       0 |      38 |   0.0 |  1944
          D:13 |       0 |   11616 |   0.0 |       0 |      47 |   0.0 |  2432
          D:14 |       0 |    8229 |   0.0 |       0 |      25 |   0.0 |  1649
          D:15 |       0 |   19025 |   0.0 |       0 |      35 |   0.0 |  1953
         Orc:1 |       0 |   11971 |   0.0 |       0 |      74 |   0.0 |  2587
         Orc:2 |       0 |   10614 |   0.0 |       0 |      75 |   0.0 |  1198
           Lab |       0 |    1849 |   0.0 |       0 |       5 |   0.0 |   556
               +---------+---------+-------+---------+---------+-------+---------
